 Dungeon Crawl Stone Soup version 0.24-a0-169-g71aafec (webtiles) character file.

Game seed: 8790797051754230140

373 emperorscorpion the Chopper (level 6, -6/84 HPs)
             Began as a Minotaur Berserker on Mar 7, 2019.
             Was a Believer of Trog.
             Impaled on a porcupine's spines (13 damage)
             ... on level 8 of the Dungeon.
             The game lasted 00:04:43 (489 turns).

emperorscorpion the Chopper (Minotaur Berserker)     Turns: 489, Time: 00:04:44

Health: -6/84      AC:  6    Str: 27    XL:     6   Next: 43%
Magic:  5/5        EV: 15    Int:  4    God:    Trog [**....]
Gold:   74         SH:  0    Dex: 11    Spells: 5/5 levels left

rFire    . . .     SeeInvis .   a - +0 hand axe
rCold    . . .     Gourm    .   (no shield)
rNeg     . . .     Faith    .   m - +0 scale mail
rPois    .         Spirit   .   (helmet restricted)
rElec    .         Reflect  .   (no cloak)
rCorr    .         Harm     .   (no gloves)
MR       .....                  (no boots)
Stlth    ..........             (no amulet)
HPRegen  0.24/turn              h - +4 ring of evasion
MPRegen  0.09/turn              (no ring)

@: berserking (expiring), very quick
A: retaliatory headbutt, horns 2
a: Berserk, Trog's Hand, Renounce Religion


You were on level 8 of the Dungeon.
You worshipped Trog.
Trog was pleased with you.
You were hungry.

You visited 1 branch of the dungeon, and saw 8 of its levels.

You collected 74 gold pieces.

Inventory:

Hand Weapons
 a - a +0 hand axe (weapon)
Missiles
 f - 8 poisoned needles
 j - 5 curare-tipped needles
Armour
 b - a +0 animal skin
 m - a +0 scale mail (worn)
Jewellery
 h - a +4 ring of evasion (left hand)
Scrolls
 d - 2 scrolls of remove curse
 k - 3 scrolls of identify
Potions
 e - 2 potions of heal wounds {unknown}
 g - a potion of cancellation
 l - a potion of flight {unknown}
Comestibles
 c - a ration
 i - 7 chunks of flesh


   Skills:
 + Level 5.2 Fighting
 + Level 6.8 Axes
 + Level 2.9 Armour
 + Level 3.3 Dodging
 + Level 1.2 Stealth


You had 5 spell levels left.
You didn't know any spells.
Your spell library was empty.

Dungeon Overview and Level Annotations

Branches:
Dungeon (8/15)
 Temple: D:4-7         Lair: D:8-11

Altars:
Nemelex Xobeh

Shops:
D:6 (

Annotations:
D:6 1 runed translucent door, Thaneod's ghost, amateur DEIE


Innate Abilities, Weirdness & Mutations

You reflexively headbutt those who attack you in melee.
You have a pair of horns on your head.


Message History

The orc warrior is almost dead.
You slash the orc wizard!
You kill the orc wizard!
Trog accepts your kill.
Trog appreciates your killing of a magic user.
Your Fighting skill increases to level 5!
You have reached level 6!
Your experience leads to an increase in your attributes!
Your base attributes are Str 22, Int 4, Dex 10.
Increase (S)trength, (I)ntelligence, or (D)exterity?
You feel agile.
You closely miss the bullfrog. The bullfrog misses you.
The orc warrior hits you with a +0 trident!!
* * * LOW HITPOINT WARNING * * *
You hit the orc warrior. You headbutt the orc warrior.
You kill the orc warrior!
Trog accepts your kill.
You miss the bullfrog. The bullfrog barely misses you.
You are struck by the porcupine's spines.
You die...

..... #... ...#.
#... .....
#..###.....
###.....#....
.#####.......$....
.........)........
.......#..).......
#..<..@.......
#.<..)Fr......
##............
##...........
##..........
#........⌠.
...#......_
#..##.###.⌠. ..#
.. ...


You could see a bullfrog and a porcupine.

Vanquished Creatures
  An orc warrior (D:8)
  An ogre (D:8)
  A hound (D:5)
  2 orc wizards
  An iguana (D:4)
  3 adders
  2 oozes
  An adder skeleton (D:8)
  2 worms (D:2)
  A dart slug (D:2)
  6 orcs
  4 bats (D:2)
  2 giant cockroaches (D:2)
  5 goblins
  A hobgoblin (D:3)
  3 kobolds (D:2)
  3 rats (D:2)
39 creatures vanquished.

Notes
Turn   | Place    | Note
-------+----------+-------------------------------------------
     0 | D:1      | emperorscorpion the Minotaur Berserker began the quest for
                  | the Orb.
     0 | D:1      | Reached XP level 1. HP: 19/19 MP: 0/0
    98 | D:1      | You fall through a shaft!
   112 | D:2      | Reached skill level 4 in Axes
   112 | D:2      | Reached XP level 2. HP: 27/27 MP: 1/1
   128 | D:2      | Reached XP level 3. HP: 30/33 MP: 2/2
   233 | D:2      | Reached ** piety under Trog
   302 | D:4      | Reached skill level 5 in Axes
   302 | D:4      | Reached XP level 4. HP: 22/41 MP: 3/3
   323 | D:3      | HP: 1/41 [something (6)]
   365 | D:5      | Entered Level 5 of the Dungeon
   374 | D:5      | Reached skill level 1 in Stealth
   374 | D:5      | Reached XP level 5. HP: 19/47 MP: 4/4
   399 | D:6      | Noticed Thaneod's ghost (amateur DEIE)
   400 | D:6      | Found a runed translucent door.
   426 | D:6      | Found Xexoum's Weapon Emporium.
   471 | D:8      | Noticed an ogre
   473 | D:8      | Noticed an orc warrior
   474 | D:8      | Found a sparkling altar of Nemelex Xobeh.
   479 | D:8      | Killed an ogre
   479 | D:8      | Reached skill level 6 in Axes
   480 | D:8      | Noticed a porcupine
   487 | D:8      | Reached skill level 5 in Fighting
   487 | D:8      | Reached XP level 6. HP: 28/56 MP: 5/5
   488 | D:8      | Killed an orc warrior
   489 | D:8      | Impaled on a porcupine's spines

Levels and vault maps discovered:
D:1:      wander_arrival_peaceful_grave, layout_loops_ring,
          nicolae_ashenzari_panopticon
D:2:      layout_basic, first_ration, minmay_statues_item, minmay_pentomino_w4
D:3:      layout_basic, minivault_5
D:4:      layout_basic
D:5:      layout_gridville, lemuel_doored_altar, uniq_ijyb, uniq_eustachio
D:6:      layout_loops_ring, ebering_ghost_sewer_f, serial_shops, shop,
          lemuel_tele_altar
D:7:      layout_basic, temple_statues, gammafunk_ghost_wrathful_warriors,
          corexii_checkpoint_a, hangedman_abyss_or_decor_jellyfish_corner
D:8:      layout_cave_pods, kennysheep_ying_yang,
          nemelex_xobeh_ov_fountains_minmay, grunt_lair_entry_orc_guard_hut

Skill      XL: |  1  2  3  4  5 |
---------------+----------------+-----
Fighting       | 4 5 |  5.2
Axes           | 4 5 6 |  6.8
Stealth        | 1 |  1.2
Dodging        | 3 |  3.3
Armour         | |  2.9

Action                   |  1- 3 |  4- 6 || total
-------------------------+-------+-------++-------
Melee: Hand axe          |    44 |    34 ||    78
       Headbutt          |    10 |     5 ||    15
Invok: Berserk           |     3 |     2 ||     5
  Use: Scroll            |     8 |       ||     8
       Potion            |       |     4 ||     4
  Eat: Chunk             |       |     3 ||     3
Armor: Animal skin       |     2 |     2 ||     4
       Scale mail        |       |     4 ||     4
Dodge: Dodged            |    40 |    31 ||    71

Table legend:
 A = Non-vault XP
 B = Vault XP
 C = Vault XP percentage of total XP
 D = Non-vault monster count
 E = Vault monster count
 F = Vault count percentage of total count
                 A         B        C        D         E       F
            +---------+---------+-------+---------+---------+-------
      Total |     524 |       9 |   1.7 |      33 |       6 |  15.4
            +---------+---------+-------+---------+---------+-------
        D:1 |       9 |       0 |   0.0 |       2 |       0 |   0.0
        D:2 |      63 |       9 |  12.5 |      16 |       6 |  27.3
        D:3 |      41 |       0 |   0.0 |       3 |       0 |   0.0
        D:4 |      57 |       0 |   0.0 |       5 |       0 |   0.0
        D:5 |      45 |       0 |   0.0 |       1 |       0 |   0.0
        D:8 |     309 |       0 |   0.0 |       6 |       0 |   0.0
            +---------+---------+-------+---------+---------+-------
